 Dungeon Crawl Stone Soup version 0.30.0-18-gc0e69614cb (webtiles) character file.

Game seed: 16514602493967002646

422 cheesebisquit the Gusty (level 6, 0/45 HPs)
             Began as a Draconian Air Elementalist on May 24, 2023.
             Slain by a hound (4 damage)
             ... on level 5 of the Dungeon.
             The game lasted 00:16:06 (5436 turns).

cheesebisquit the Gusty (DrAE)                      Turns: 5436, Time: 00:16:06

Health: 0/45       AC: 10    Str: 10    XL:     6   Next: 63%
Magic:  1/11       EV: 12    Int: 18    God:
Gold:   191        SH:  0    Dex: 11    Spells: 2/12 levels left

rFire   . . .        d - +4 great sword (drain)
rCold   . . .        (shield currently unavailable)
rNeg    . . .        (body armour unavailable)
rPois   .            m - +2 hat
rElec   .            h - +1 cloak
rCorr   .            (no gloves)
SInv    .            (no boots)
Will    .....        (no amulet)
Stlth   ++           (no ring)
HPRegen 0.27/turn    (no ring)
MPRegen 0.12/turn

%: no passive effects
@: no status effects
A: AC +6, unfitting armour, cold-blooded
a: no special abilities


You were on level 5 of the Dungeon.
You visited 1 branch of the dungeon, and saw 5 of its levels.

You collected 191 gold pieces.

Inventory:

Hand Weapons
 d - a +4 great sword of draining (weapon)
 k - a +3 dagger of speed
Missiles
 l - 14 poisoned darts
Armour
 h - a +1 cloak (worn)
 m - a +2 hat (worn)
Wands
 p - a wand of flame (23)
 s - a wand of roots (8)
Scrolls
 a - a scroll of poison {unknown}
 b - a scroll of summoning
 j - 2 scrolls of fear
 n - a scroll of teleportation {unknown}
 o - 2 scrolls of vulnerability {unknown}
 q - 2 scrolls of blinking {unknown}
 u - 3 scrolls of enchant weapon {unknown}
Potions
 e - 2 potions of mutation
 f - a potion of attraction
 g - a potion of berserk rage {unknown}
 i - a potion of curing
 r - a potion of haste {unknown}


   Skills:
 - Level 1.7 Dodging
 - Level 1.7 Stealth
 + Level 3.9 Spellcasting
 + Level 3.7 Conjurations
 + Level 1.1 Necromancy
 + Level 4.8 Air Magic
 + Level 1.0 Poison Magic


You had 2 spell levels left.
You knew the following spells:

 Your Spells              Type           Power      Damage    Failure   Level
a - Shock                 Conj/Air       76%        1d7       2%          1
b - Airstrike             Air            10%        2d(2-18)  21%         4
c - Swiftness             Air            21%        N/A       6%          3
d - Cigotuvi's Dreadful   Necr/Pois/Air  24%        N/A       9%          2

Your spell library contained the following spells:

 Spells                   Type           Power      Damage    Failure   Level
 Magic Dart               Conj           68%        1d6       3%          1
 Static Discharge         Conj/Air       38%        2-4/arc   3%          2
 Searing Ray              Conj           34%        2d5       4%          2
 Necrotise                Necr           28%        1d5       10%         1
 Vampiric Draining        Necr           7%         2d6       28%         3
 Ignite Poison            Fire/Tmut/Pois 4%         N/A       36%         3
 Fulminant Prism          Conj/Hex       5%         3d7       56%         4
 Freezing Cloud           Conj/Ice/Air   6%         6-21      77%         5
 Agony                    Necr           7%         N/A       95%         5


Dungeon Overview and Level Annotations

Branches:
Dungeon (5/15)
 Temple: D:4-7

Altars:
Dithmenos
Makhleb
Uskayaw

Annotations:
D:5 exclusion: ice beast


Innate Abilities, Weirdness & Mutations

Your plain brown scales are hard. (AC +6)
You cannot fit into any form of body armour.
You are cold-blooded and may be slowed by cold attacks.


Message History

The gnoll closely misses you. The gnoll misses you.
You slash the gnoll!
You kill the gnoll!
The gnoll closely misses you. The gnoll barely misses you.
Your Poison Magic skill increases to level 1!
Aiming: Shock (safe; 2% risk of failure)
Press: ? - help, Q - select action, (/) - cycle Shift-Dir - straight line, f/p - gnoll
Aim: a gnoll, wielding a +0 flail and wearing a +0 ring mail (lightly wounded, 79% to hit)
Okay, then.
The gnoll hits you with a +0 flail!
Things that are here:
a +0 club; 5 stones; a gnoll corpse The gnoll hits you with a +0 flail.
* * * LOW HITPOINT WARNING * * *
Aiming: Shock (safe; 2% risk of failure)
Press: ? - help, Q - select action, (/) - cycle Shift-Dir - straight line, f/p - gnoll
Aim: a gnoll, wielding a +0 flail and wearing a +0 ring mail (lightly wounded, 79% to hit)
The zap hits the gnoll.
The gnoll is heavily wounded.
The zap misses the hound.
The gnoll hits you with a +0 flail.
* * * LOW HITPOINT WARNING * * *
Okay, then.
You slash the gnoll!
You kill the gnoll!
The hound bites you but does no damage. The hound bites you.
* * * LOW HITPOINT WARNING * * *
The hound barely misses you.
You slash the hound!
The hound is severely wounded.
The hound bites you but does no damage. The hound barely misses you.
You hit the hound.
Your tail-slap misses the hound.
The hound is almost dead.
The hound closely misses you. The hound bites you but does no damage.
The hound misses you.
Okay, then.
You closely miss the hound.
Your tail-slap misses the hound.
The hound is almost dead.
The hound bites you but does no damage. The hound bites you.
You die...

##....#[#######
#.....#.'g.....
#.....#)#.#>###
#.....#.#.#
#.....#.# #
##)...#.#
#....#.#
#)...#.#
#@...#.#
#)h..#.. #....#
#....# #....#
#....# #...##
#...# #....


You could see a hound.

Vanquished Creatures
  A gnoll sergeant (D:5)
  Ijyb (D:4)
  An iguana (D:5)
  Natasha (twice) (D:2)
  4 gnolls (D:5)
  13 adders
  A worm (D:3)
  3 dart slugs
  10 orcs
  10 bats
  6 endoplasms
  3 giant cockroaches (D:2)
  8 goblins
  5 hobgoblins
  3 jackals
  A quokka (D:1)
  5 ball pythons
  4 frilled lizards
  8 kobolds
  8 rats
97 creatures vanquished.

Notes
Turn   | Place    | Note
-------+----------+-------------------------------------------
     0 | D:1      | cheesebisquit the Draconian Air Elementalist began the
                  | quest for the Orb.
     0 | D:1      | Reached XP level 1. HP: 14/14 MP: 3/3
   163 | D:1      | Reached XP level 2. HP: 20/20 MP: 1/5
   585 | D:1      | You fall into a shaft and drop 1 floor!
   636 | D:2      | Reached XP level 3. HP: 23/26 MP: 0/6
   823 | D:2      | Noticed Natasha
   848 | D:2      | Killed Natasha
  1253 | D:1      | Reached XP level 4. HP: 33/33 MP: 4/8
  1969 | D:2      | Noticed Natasha
  1981 | D:2      | Killed Natasha
  1982 | D:2      | Reached skill level 4 in Air Magic
  2104 | D:2      | Learned a level 4 spell: Airstrike
  2108 | D:2      | Learned a level 3 spell: Swiftness
  2599 | D:2      | Reached XP level 5. HP: 38/38 MP: 6/9
  3118 | D:3      | Found a shadowy altar of Dithmenos.
  3332 | D:3      | Found a hide-covered altar of Uskayaw.
  4224 | D:4      | Noticed Ijyb
  4465 | D:4      | Killed Ijyb
  4703 | D:5      | Entered Level 5 of the Dungeon
  4746 | D:5      | Reached XP level 6. HP: 45/45 MP: 3/11
  4908 | D:5      | Learned a level 2 spell: Cigotuvi's Dreadful Rot
  5233 | D:5      | Noticed an ice beast
  5425 | D:5      | Reached skill level 1 in Necromancy
  5427 | D:5      | Found a burning altar of Makhleb.
  5430 | D:5      | Reached skill level 1 in Poison Magic
  5436 | D:5      | Slain by a hound

Illustrated notes

Levels and vault maps discovered:
D:1:      dpeg_arrival_morbid_curiosity, layout_rooms,
          chequers_serial_rivers_small_3, minmay_hexomino_f4
D:2:      minmay_diamond_boxcup, layout_basic, minmay_ruptured, uniq_natasha
D:3:      layout_loops_ring, mainiacjoe_overflow_catch_the_wave,
          minmay_misc_feat_iff
D:4:      layout_cave_pools, grunt_ministairs_11, uniq_ijyb
D:5:      layout_basic, makhleb_heckhound_becter, palyth_stone_intersect,
          kennysheep_diamond, nicolae_half_adder

Skill      XL: |  1  2  3  4  5  6 |
---------------+-------------------+-----
Conjurations   | 2 3 |  3.7
Spellcasting   | 3 |  3.9
Air Magic      | 4 |  4.8
Necromancy     | 1 |  1.1
Poison Magic   | 1 |  1.0
Dodging        | |  1.7
Stealth        | |  1.7

Action                     |  1- 3 |  4- 6 || total
---------------------------+-------+-------++-------
  Melee: Unarmed           |     5 |       ||     5
         Tailslap          |     3 |     1 ||     4
         Short sword       |    17 |       ||    17
         Dagger            |       |    13 ||    13
         Great sword       |       |    14 ||    14
   Cast: Shock             |    57 |   200 ||   257
    Use: Potion            |     1 |     6 ||     7
         Scroll            |       |    10 ||    10
 Armour: Skin              |    13 |    51 ||    64
  Dodge: Dodged            |    23 |    60 ||    83
